 Dungeon Crawl Stone Soup version 0.17-a0-1946-gfb768fe (webtiles) character file.

82 brucemayne the Chopper (level 4, -5/58 HPs)
             Began as a Hill Orc Berserker on Oct 1, 2015.
             Was a Follower of Trog.
             Killed by divine providence
             ... invoked by an orc priest
              (11 damage)
             ... on level 3 of the Dungeon.
             The game lasted 00:02:13 (493 turns).

brucemayne the Chopper (Hill Orc Berserker)          Turns: 493, Time: 00:02:13

Health: -5/58      AC:  7    Str: 25    XL:     4   Next: 43%
Magic:  4/4        EV: 10    Int:  7    God:    Trog [*.....]
Gold:   57         SH:  0    Dex: 10    Spells: 0 memorised, 3 levels left

rFire  . . .     SeeInvis .     a - +0 hand axe
rCold  . . .     Clarity  .     h - +0 scale mail
rNeg   . . .     SustAt   .     (no shield)
rPois  .         Gourm    .     (no helmet)
rElec  .         Spirit   .     (no cloak)
rCorr  .         Warding  .     (no gloves)
rMut   .         Stasis   .     i - +0 pair of boots
MR     .....                    (no amulet)
Stlth  ..........               (no ring)
                                (no ring)

@: berserking, very quick, not resistant to hostile enchantments, extremely
unstealthy
A: no striking features
a: Burn Spellbooks, Berserk, Renounce Religion, Convert to Beogh


You were on level 3 of the Dungeon.
You worshipped Trog.
Trog was aware of your devotion.
You were not hungry.

You visited 1 branch of the dungeon, and saw 3 of its levels.

You collected 57 gold pieces.

Inventory:

Hand weapons
 a - a +0 hand axe (weapon)
 f - a +0 dagger of venom
Missiles
 l - 8 poisoned needles
 o - 7 curare-tipped needles
Armour
 b - a +0 animal skin
 g - a +0 leather armour
 h - a +0 scale mail (worn)
 i - a +0 pair of boots (worn)
Scrolls
 k - a scroll of blinking {unknown}
 m - a scroll of amnesia {unknown}
Potions
 d - a potion of invisibility {unknown}
 e - a potion of heal wounds {unknown}
 j - a potion of might {unknown}
Comestibles
 c - 2 bread rations


   Skills:
 - Level 3.6 Fighting
 + Level 6.7 Axes
 - Level 2.1 Armour
 - Level 1.5 Dodging


You had 3 spell levels left.
You didn't know any spells.

Dungeon Overview and Level Annotations

Branches:
Dungeon (3/15)

Altars:
Elyvilon
Gozag
Vehumet
The Shining One


Message History

Pain shoots through your body!
* * * LOW HITPOINT WARNING * * *
Use which ability?
A red film seems to cover your vision as you go berserk!
You feel yourself moving faster!
You feel mighty!
You feel somewhat more hungry.
You closely miss the orc priest.
The orc priest hits you but does no damage.
You barely miss the orc priest.
An orc comes into view. It is wielding a flail.
You barely miss the orc priest.
The orc priest shouts, "Surrender to Beogh and we'll let you live!"
The orc shouts!
The orc priest hits you but does no damage.
You barely miss the orc priest. You slash the orc priest!
The orc priest is severely wounded.
The orc priest calls down the wrath of Beogh upon you.
Something smites you!
You die...

# ##...## #.# #
##.....## #.# #
##.......###o#
####.........##.#
†..'.†.......+...
####.).......##.# #
##.....).#...# #
##)....##.#o#########
#
##.....#...@.......#
# ##+##........####.#
# #....(._.## #.#
#.........###.#
#._..8.....##.#
#..........##.#
........_...##.#
................#
#.##.##....#.#####


You could see an orc priest and an orc.

Vanquished Creatures
  The ghost of Typee the Skirmisher, a weakling DsAK of Lugonu (D:3)
  A gnoll (D:1)
  An adder (D:3)
  A worm (D:3)
  A giant gecko (D:3)
  5 orcs (D:3)
  2 bats (D:1)
  A hobgoblin (D:1)
  2 kobolds
  A rat (D:1)
16 creatures vanquished.

Notes
Turn   | Place    | Note
--------------------------------------------------------------
     0 | D:1      | brucemayne the Hill Orc Berserker began the quest for the Orb.
     0 | D:1      | Reached XP level 1. HP: 19/19 MP: 1/1
    81 | D:1      | Reached XP level 2. HP: 18/26 MP: 2/2
   247 | D:1      | Reached skill level 5 in Axes
   308 | D:2      | Found an opulent altar of Gozag.
   409 | D:3      | Noticed Typee's ghost (weakling DsAK)
   420 | D:3      | Reached XP level 3. HP: 31/31 MP: 3/3
   422 | D:3      | Killed Typee's ghost
   422 | D:3      | Reached skill level 6 in Axes
   422 | D:3      | Reached XP level 4. HP: 37/39 MP: 4/4
   435 | D:3      | Found a glowing golden altar of the Shining One.
   453 | D:3      | Found a white marble altar of Elyvilon.
   453 | D:3      | Found a radiant altar of Vehumet.
   493 | D:3      | Killed from afar by an orc priest

Vault maps used:
D:1:      wheals_arrival_shading, minmay_misc_feat_roman, minmay_distorted
D:2:      first_bread, nicolae_gozag_cash_rules_everything_around_me
D:3:      grunt_temple_overflow_open, ashenzari_altar_1, serial_bayou,
          serial_bayou_crossing, serial_bayou_lake_a, serial_bayou_pond_d,
          serial_bayou_shore_b, corner_web_ring, minmay_goblin_kobold_house

Action                   |  1- 3 |  4- 6 || total
-------------------------+-------+-------++-------
Melee: Hand axe          |    26 |    16 ||    42
Invok: Berserk           |     2 |     1 ||     3
  Eat: Chunk             |       |     1 ||     1
